 Dungeon Crawl Stone Soup version 0.21-a0-504-g2eda330 (webtiles) character file.

13381 graki42 the Thaumaturge (level 11, -8/57 HPs)
             Began as a Deep Elf Fire Elementalist on Nov 25, 2017.
             Was a High Priest of Vehumet.
             Mangled by a large abomination (20 damage)
             ... on level 2 of the Abyss.
             The game lasted 01:04:50 (10113 turns).

graki42 the Thaumaturge (DEFE)                     Turns: 10113, Time: 01:04:50

Health: -8/57      AC: 18    Str: 12    XL:     11   Next: 74%
Magic:  12/30      EV: 15    Int: 25    God:    Vehumet [*****.]
Gold:   776        SH:  0    Dex: 15    Spells: 16/37 levels left

rFire    + . .     SeeInvis .   P - +3 quarterstaff (chaos)
rCold    . . .     Gourm    .   (shield currently unavailable)
rNeg     . . .     Faith    .   a - +3 leather armour {rC+}
rPois    +         Spirit   .   (no helmet)
rElec    .         Reflect  .   B - +2 cloak {+Inv}
rCorr    .         Harm     .   i - +0 pair of gloves
MR       ++...                  (no boots)
Stlth    ++........             (no amulet)
HPRegen  0.19/turn              y - ring of Robustness {AC+8}
MPRegen  0.22/turn              h - ring "Neovoywk" {rPois rF+ rC- MR+ Str+4 Int+4}

@: no status effects
A: no striking features
a: Renounce Religion, Evoke Invisibility


You were on level 2 of the Abyss.
You worshipped Vehumet.
Vehumet was extremely pleased with you.
You were not hungry.

You visited 2 branches of the dungeon, and saw 12 of its levels.
You visited the Abyss 1 time.
You also visited: Ossuary.

You collected 776 gold pieces.

Inventory:

Hand Weapons
 P - a +3 quarterstaff of chaos (weapon)
Armour
 a - a +3 leather armour of cold resistance (worn)
 i - a +0 pair of gloves (worn)
 x - a +0 robe of fire resistance
 B - a +2 cloak of invisibility (worn)
Jewellery
 h - the ring "Neovoywk" (right hand) {rPois rF+ rC- MR+ Str+4 Int+4}
   (You acquired it on level 9 of the Dungeon)

   [ring of protection from fire]

   It affects your strength (+4).
   It affects your intelligence (+4).
   It protects you from fire.
   It makes you vulnerable to cold.
   It protects you from poison.
   It affects your resistance to hostile enchantments.
 y - the ring of Robustness (left hand) {AC+8}
   (You found it on level 10 of the Dungeon)

   [ring of protection]

   It affects your AC (+8).
 D - an uncursed ring of positive energy
 N - an uncursed ring of positive energy
Wands
 b - a wand of random effects (12)
 e - a wand of iceblast (14)
 p - a wand of disintegration (5)
 E - a wand of digging (1)
Scrolls
 l - 2 scrolls of teleportation
 z - 5 scrolls of remove curse
 K - 2 scrolls of immolation
Potions
 f - 2 potions of haste
 g - 9 potions of flight
 j - 5 potions of lignification
 m - 5 potions of heal wounds
 r - 6 potions of degeneration {unknown}
 v - 9 potions of curing
 F - 5 potions of brilliance
 I - 2 potions of mutation
 L - 3 potions of magic {unknown}
Comestibles
 c - 7 bread rations
 o - 2 fruits


   Skills:
 + Level 2.2 Fighting
   Level 0.9(1.2) Maces & Flails
 + Level 1.5(1.8) Staves
 + Level 2.5 Armour
 + Level 6.0 Dodging
 + Level 3.9 Stealth
 + Level 13.7 Spellcasting
 + Level 10.4 Conjurations
 + Level 3.5 Hexes
 + Level 11.0 Fire Magic
 + Level 1.1 Evocations


You had 16 spell levels left.
You knew the following spells:

 Your Spells              Type           Power        Failure   Level  Hunger
a - Flame Tongue          Conj/Fire      #####        1%          1    None
b - Conjure Flame         Conj/Fire      ######..     1%          3    None
c - Inner Flame           Hex/Fire       ######..     1%          3    None
d - Sticky Flame          Conj/Fire      ######..     1%          4    None
e - Fireball              Conj/Fire      ######....   1%          5    ##.....
f - Bolt of Magma         Conj/Fire/Erth ######....   1%          5    ##.....


Dungeon Overview and Level Annotations

Branches:
Dungeon (11/15)            Temple (0/1) D:6            Lair (1/6) D:10
    Orc: D:9-12

Altars:
Gozag
Makhleb
Okawaru
Trog
Vehumet
Wu Jian
Zin
The Shining One

Shops:
D:8 *   D:10 ::(!!

Annotations:
D:11 Sonja
Lair:1 Gorice's ghost, journeyman DsWn


Message History

Aiming: Bolt of Magma
Press: ? - help, Shift-Dir - straight line, f/p - hellwing
Aim: a hellwing (moderately wounded, covered in liquid flames)
The bolt of magma hits the hellwing.
The hellwing is severely wounded.
You hear a bark!
The hellwing burns!
The large abomination hits you!!
* * * LOW HITPOINT WARNING * * *
The hellwing barely misses you. The hellwing closely misses you.
You hear a bark!
Unknown command.
Casting: Bolt of Magma
Confirm with . or Enter, or press ? or * to list all spells.
Aiming: Bolt of Magma
Press: ? - help, Shift-Dir - straight line, f/p - hellwing
Aim: a hellwing (severely wounded, covered in liquid flames)
The bolt of magma hits the hellwing.
The hellwing is severely wounded.
The hellwing burns!
The large abomination hits you!!
You die...

...# ... .?.
## #..##..
..#.# #
#.....#
#4#... #@#.##
#.X#.# .#
#.##4## #.
..## ##3# ..
...#..# ###
#.###.#.###
#.#. # ..
.%.#.# .#..#
# .
..#4.4###....
#.###.. #.
#... ## .


You could see a large abomination, 2 hellwings and a smoke demon.

Vanquished Creatures
  3 two-headed ogres
  Urug (D:11)
  A deep elf mage (D:11)
  Maurice (D:8)
  5 gargoyles (D:7)
  Grinder (D:4)
  4 blink frogs (Lair:1)
  A hippogriff (Lair:1)
  3 wyverns
  13 yaks
  Eustachio (D:4)
  Grum (D:9)
  Edmund (D:5)
  A water moccasin (D:7)
  2 porcupines (D:10)
  An ice beast (D:6)
  9 orc warriors
  A sky beast (D:9)
  A black bear (D:10)
  2 wolves (D:9)
  A phantom (D:9)
  3 ogres
  3 centaurs
  5 bullfrogs
  A wyvern skeleton (D:7)
  3 scorpions
  10 wights
  3 howler monkeys
  2 crimson imps
  2 bullfrog zombies
  3 centaur zombies
  2 jellies
  2 bullfrog skeletons
  5 orc priests
  4 hounds
  An iguana (D:8)
  11 orc wizards
  Crazy Yiuf (D:7)
  2 centaur skeletons (D:6)
  4 worker ants
  3 big kobold zombies (Ossuary)
  A hound skeleton (D:7)
  A hound zombie (D:7)
  4 mummies (Ossuary)
  A worker ant zombie (D:11)
  5 gnolls
  2 howler monkey skeletons
  6 adders
  4 shadow imps
  An ooze (D:2)
  2 adder zombies
  3 worms
  4 dart slugs
  10 leopard geckos
  38 orcs
  6 giant cockroaches
  2 gnoll zombies (Ossuary)
  10 hobgoblins
  6 jackals
  9 kobolds
  3 quokkas
  A ball python (D:2)
  7 bats
  5 frilled lizards
  3 goblins
  2 hobgoblin zombies (Ossuary)
  A jackal zombie (D:5)
  A kobold zombie (Ossuary)
  2 leopard gecko skeletons
  2 quokka skeletons
  2 quokka zombies (D:5)
  8 rats
  3 fungi (D:10)
279 creatures vanquished.

Vanquished Creatures (others)
  A centaur zombie (D:11)
  6 fungi (D:10)
  A plant (D:10)
8 creatures vanquished.

Grand Total: 287 creatures vanquished

Notes
Turn   | Place    | Note
-------+----------+-------------------------------------------
     0 | D:1      | graki42 the Deep Elf Fire Elementalist began the quest for the Orb.
     0 | D:1      | Reached XP level 1. HP: 10/10 MP: 6/6
    87 | D:1      | Reached XP level 2. HP: 14/15 MP: 1/8
   434 | D:1      | Reached XP level 3. HP: 19/19 MP: 8/10
   736 | D:2      | Reached skill level 4 in Spellcasting
   750 | D:2      | Found a faded altar of an unknown god.
   867 | D:2      | Learned a level 3 spell: Conjure Flame
   871 | D:2      | Learned a level 3 spell: Inner Flame
   894 | D:2      | Reached XP level 4. HP: 19/24 MP: 3/12
  1116 | D:3      | Learned a level 4 spell: Sticky Flame
  1587 | D:3      | Found a bloodstained altar of Trog.
  1616 | D:3      | Found an ornate altar of the Wu Jian Council.
  1682 | D:4      | Noticed Grinder
  1965 | D:4      | Noticed Eustachio
  2044 | D:4      | Killed Eustachio
  2044 | D:4      | Reached skill level 5 in Spellcasting
  2044 | D:4      | Reached skill level 5 in Fire Magic
  2044 | D:4      | Reached XP level 5. HP: 19/28 MP: 0/14
  2044 | D:4      | Reached XP level 6. HP: 22/32 MP: 0/15
  2240 | D:4      | Killed Grinder
  2317 | D:4      | Reached skill level 6 in Spellcasting
  2317 | D:4      | Reached XP level 7. HP: 36/36 MP: 10/18
  2368 | D:4      | Learned a level 5 spell: Fireball
  2640 | D:4      | Reached skill level 5 in Conjurations
  2713 | D:4      | Found an opulent altar of Gozag.
  2713 | D:4      | Found a radiant altar of Vehumet.
  2715 | D:4      | Found a bloodstained altar of Trog.
  2721 | D:4      | Became a worshipper of Vehumet
  2969 | D:5      | Entered Level 5 of the Dungeon
  3039 | D:5      | Found a glowing golden altar of the Shining One.
  3080 | D:5      | Noticed a yak
  3082 | D:5      | Noticed a yak
  3082 | D:5      | Noticed a yak
  3083 | D:5      | Noticed a yak
  3093 | D:5      | Killed a yak
  3093 | D:5      | Reached skill level 7 in Spellcasting
  3096 | D:5      | Killed a yak
  3096 | D:5      | Reached XP level 8. HP: 41/41 MP: 7/21
  3104 | D:5      | Reached skill level 8 in Spellcasting
  3484 | D:5      | Reached skill level 1 in Hexes
  3961 | D:5      | Noticed Edmund
  3976 | D:5      | Killed Edmund
  3976 | D:5      | Reached * piety under Vehumet
  3976 | D:5      | Offered knowledge of Sting by Vehumet.
  4347 | D:6      | Reached XP level 9. HP: 46/46 MP: 13/23
  4463 | D:6      | Reached skill level 9 in Spellcasting
  4577 | D:6      | Found a staircase to the Ecumenical Temple.
  5175 | D:7      | Found an iron altar of Okawaru.
  5204 | D:7      | Found a sand-covered staircase.
  5211 | Ossuary  | Entered an ossuary
  5448 | Ossuary  | Reached ** piety under Vehumet
  5465 | Ossuary  | Offered knowledge of Sandblast by Vehumet.
  5696 | D:7      | Reached skill level 1 in Fighting
  5876 | D:7      | Found a runed door.
  5880 | D:7      | Noticed Crazy Yiuf
  5881 | D:7      | Killed Crazy Yiuf
  5953 | D:7      | Reached skill level 10 in Spellcasting
  5987 | D:7      | Noticed a gargoyle
  5989 | D:7      | Noticed a gargoyle
  5990 | D:7      | Noticed a gargoyle
  5991 | D:7      | Noticed a gargoyle
  5998 | D:7      | Killed a gargoyle
  5998 | D:7      | Reached skill level 5 in Dodging
  6000 | D:7      | Killed a gargoyle
  6000 | D:7      | Reached skill level 1 in Armour
  6173 | D:7      | Noticed a gargoyle
  6181 | D:7      | Killed a gargoyle
  6313 | D:7      | Killed a gargoyle
  6313 | D:7      | Reached XP level 10. HP: 53/53 MP: 5/26
  6444 | D:7      | Killed a gargoyle
  6755 | D:8      | Reached skill level 11 in Spellcasting
  6755 | D:8      | Offered knowledge of Mephitic Cloud by Vehumet.
  6942 | D:8      | Noticed a two-headed ogre
  6944 | D:8      | Noticed Maurice
  6970 | D:8      | Killed a two-headed ogre
  6970 | D:8      | Killed Maurice
  6970 | D:8      | Reached *** piety under Vehumet
  6992 | D:8      | Reached skill level 12 in Spellcasting
  7326 | D:8      | Found Zin's Purification Station.
  7331 | D:8      | Found a glowing silver altar of Zin.
  7418 | D:8      | Offered knowledge of Airstrike by Vehumet.
  7863 | D:9      | Noticed Grum
  7874 | D:9      | Killed Grum
  8196 | D:9      | Reached **** piety under Vehumet
  8318 | D:9      | Identified a scroll of acquirement
  8319 | D:9      | Got a scintillating tin ring
  8324 | D:9      | Identified the ring "Neovoywk" {rPois rF+ rC- MR+ Str+4 Int+4} (You acquired it on level 9 of the Dungeon)
  8372 | D:10     | Entered Level 10 of the Dungeon
  8384 | D:10     | Found Cexastrae's Distillery.
  8391 | D:10     | Offered knowledge of Olgreb's Toxic Radiance by Vehumet.
  8410 | D:10     | Found the ring of Robustness {AC+8}
  8448 | D:10     | Reached skill level 10 in Fire Magic
  8448 | D:10     | Reached XP level 11. HP: 47/57 MP: 18/29
  8528 | D:10     | Found Muluint's Distillery.
  8887 | D:10     | Found a staircase to the Lair.
  8975 | D:10     | Found Suralec's Book Shop.
  8980 | D:10     | Found Ratsora's Book Emporium.
  9022 | D:10     | Found Idub's Weapon Boutique.
  9254 | Lair:1   | Entered Level 1 of the Lair of Beasts
  9326 | Lair:1   | Reached skill level 1 in Staves
  9340 | Lair:1   | Reached skill level 13 in Spellcasting
  9360 | Lair:1   | Noticed Gorice's ghost (journeyman DsWn)
  9399 | D:11     | Found a burning altar of Makhleb.
  9403 | D:11     | Noticed a red ugly thing
  9479 | D:11     | Noticed Urug
  9510 | D:11     | Reached skill level 10 in Conjurations
  9551 | D:11     | Noticed a two-headed ogre
  9552 | D:11     | Noticed a two-headed ogre
  9600 | D:11     | Noticed a deep elf mage
  9608 | D:11     | Killed a deep elf mage
  9685 | D:11     | Killed a two-headed ogre
  9701 | D:11     | Killed a two-headed ogre
  9705 | D:11     | Noticed a two-headed ogre
  9707 | D:11     | Noticed Sonja
  9831 | D:11     | Killed Urug
  9831 | D:11     | Reached ***** piety under Vehumet
  9831 | D:11     | Reached skill level 1 in Evocations
  9849 | D:11     | Offered knowledge of Bolt of Magma by Vehumet.
  9856 | D:11     | Learned a level 5 spell: Bolt of Magma
  9925 | D:11     | Cast into level 2 of the Abyss (Sonja)
  9964 | Abyss:2  | Noticed a wretched star
  9988 | Abyss:2  | Noticed a wretched star
  9998 | Abyss:2  | Noticed a large abomination
 10002 | Abyss:2  | Found a corrupted altar of Lugonu.
 10113 | Abyss:2  | Mangled by a large abomination

Vault maps used:
D:1:      enne_arrival_octagon_isle
D:2:      chequers_ecumenical_altar_island, grunt_ministairs_11
D:3:      nicolae_overflow_hidden_temple, first_bread, grunt_decor_resistance,
          trog_book
D:4:      minitemple, st_stairs_11, uniq_eustachio, uniq_grinder
D:5:      basic_altar, hangedman_decor_riveting, guppyfry_early_orc_mine,
          uniq_edmund
D:6:      minmay_temple_entry_poolview, st_stairs_5
D:7:      cheibrodos_statue_roulette, overflow_temple_1_default,
          nicolae_ossuary_entry_ruins, uniq_crazy_yiuf_cottage
D:8:      zin_purify, uniq_maurice
D:9:      uniq_grum
D:10:     grunt_lair_entry_orc_guard_hut, serial_shops, shop, shop_fountains,
          shop, nicolae_shop_temple_entry_statues_fountains,
          nicolae_shop_statue_plus
D:11:     david_orc_4, basic_altar, grunt_tengu_nest, uniq_sonja, uniq_urug
Abyss:2:  evilmike_abyss_exit_16, kilobyte_mutagenic_chamber
Ossuary:  ossuary_crypta

Skill      XL: |  1  2  3  4  5  6  7  8  9 10 11 |
---------------+----------------------------------+-----
Fire Magic     | 4 5 6 7 8 10 11 | 11.0
Spellcasting   | 4 5 6 7 8 10 12 13 | 13.7
Conjurations   | 3 4 5 6 8 9 10 | 10.4
Stealth        | 3 |  3.9
Dodging        | 3 4 5 6 |  6.0
Hexes          | 2 3 |  3.5
Fighting       | 1 2 |  2.2
Armour         | 1 2 |  2.5
Staves         | 1 |  1.5
Evocations     | 1 |  1.1
Maces & Flails | |  0.9

Action                   |  1- 3 |  4- 6 |  7- 9 | 10-12 || total
-------------------------+-------+-------+-------+-------++-------
Melee: Unarmed           |     1 |       |       |       ||     1
       Flail             |       |       |    30 |       ||    30
       Quarterstaff      |       |       |       |    22 ||    22
 Cast: Flame Tongue      |    65 |    71 |   162 |   141 ||   439
       Sticky Flame      |       |     2 |    18 |    23 ||    43
       Conjure Flame     |       |     2 |    13 |    15 ||    30
       Inner Flame       |       |     1 |     4 |    16 ||    21
       Fireball          |       |       |    14 |    39 ||    53
       Bolt of Magma     |       |       |       |     6 ||     6
 Abil: Evoke Invisibilit |       |       |       |     4 ||     4
Evoke: Wand              |       |       |     2 |     4 ||     6
  Use: Scroll            |       |     1 |     9 |    17 ||    27
       Potion            |       |       |     2 |     1 ||     3
 Stab: Sleeping          |       |       |       |     1 ||     1
  Eat: Chunk             |       |     4 |    17 |    17 ||    38
       Fruit             |       |       |       |     2 ||     2
Armor: Robe              |     5 |    10 |     5 |       ||    20
       Leather armour    |       |       |    10 |    37 ||    47
Dodge: Dodged            |    17 |    22 |    63 |    89 ||   191

Table legend:
 A = Spawn XP
 B = Non-spawn XP
 C = Spawn XP percentage of total XP
 D = Spawn monster count
 E = Non-spawn monster count
 F = Spawn count percentage of total count
 G = Total turns spent on level
                    A         B        C        D         E        F      G
               +---------+---------+-------+---------+---------+-------+---------
         Total |       0 |   19117 |   0.0 |       0 |     277 |   0.0 | 10113
               +---------+---------+-------+---------+---------+-------+---------
           D:1 |       0 |      47 |   0.0 |       0 |      20 |   0.0 |   640
           D:2 |       0 |      56 |   0.0 |       0 |      21 |   0.0 |   460
           D:3 |       0 |      46 |   0.0 |       0 |      17 |   0.0 |   582
           D:4 |       0 |     916 |   0.0 |       0 |      19 |   0.0 |  1414
           D:5 |       0 |    1502 |   0.0 |       0 |      26 |   0.0 |  1161
           D:6 |       0 |     472 |   0.0 |       0 |      17 |   0.0 |   829
           D:7 |       0 |    2980 |   0.0 |       0 |      32 |   0.0 |  1313
           D:8 |       0 |    2903 |   0.0 |       0 |      33 |   0.0 |   914
           D:9 |       0 |    1619 |   0.0 |       0 |      27 |   0.0 |   771
          D:10 |       0 |    2525 |   0.0 |       0 |      20 |   0.0 |   975
          D:11 |       0 |    4573 |   0.0 |       0 |      28 |   0.0 |   471
        Lair:1 |       0 |    1323 |   0.0 |       0 |       5 |   0.0 |   107
       Ossuary |       0 |     155 |   0.0 |       0 |      12 |   0.0 |   288
               +---------+---------+-------+---------+---------+-------+---------
